 Dungeon Crawl Stone Soup version 0.14-a0-3247-g5fd345f (webtiles) character file.

142 MrRokkomies the Ruffian (level 3, -2/35 HPs)
             Began as a Troll Artificer on Mar 12, 2014.
             Killed from afar by Sigmund (5 damage)
             ... with a puff of flame
             ... on Level 2 of the Dungeon.
             The game lasted 00:03:36 (983 turns).

MrRokkomies the Ruffian (Troll Artificer)            Turns: 983, Time: 00:03:36

HP  -2/35        AC  5     Str 20      XL: 3   Next: 64%
MP  12/12        EV  9     Int  8      God:
Gold 89          SH  0     Dex 10      Spells:  0 memorised,  2 levels left

rFire  . . .     SeeInvis .       - Unarmed
rCold  . . .     Clarity  .     e - +0 robe
rNeg   + . .     Conserve .     (shield restricted)
rPois  .         rCorr    .     (helmet restricted)
rElec  .         rRot     .     (no cloak)
SustAb . .       Spirit   .     (gloves unavailable)
rMut   .         Warding  .     (boots unavailable)
Gourm  +         Stasis   .     (no amulet)
MR     .....                    r - ring of positive energy {unknown}
                                f - ring of magical power

@: not resistant to hostile enchantments, unstealthy
A: unfitting armour, claws 3, fast metabolism 3, gourmand, regeneration 2,
saprovore 2, shaggy fur 1, tough skin 2
a: no special abilities


You were on level 2 of the Dungeon.
You were full.

You visited 1 branch of the dungeon, and saw 2 of its levels.

You collected 89 gold pieces.

Inventory:

Missiles
 t - 7 tomahawks (quivered)
Armour
 e - a +0 robe (worn)
Magical devices
 b - a wand of flame (15)
 c - a wand of enslavement (15)
 d - a wand of random effects (15)
Comestibles
 a - 2 meat rations
 n - 3 bread rations
Scrolls
 g - a scroll of random uselessness {unknown}
 h - a scroll of noise {unknown}
 i - 2 scrolls of fog {unknown}
 k - 2 scrolls of identify {unknown}
 l - a scroll of enchant weapon I {unknown}
 s - a scroll of enchant armour {unknown}
 u - a scroll of magic mapping {unknown}
Jewellery
 f - a ring of magical power (left claw)
 r - a ring of positive energy (right claw) {unknown}
Potions
 j - 3 potions of agility {unknown}
 m - a potion of heal wounds {unknown}
Magical staves
 q - an uncursed staff of poison


   Skills:
 * Level 1.9 Fighting
 - Level 1.5 Dodging
 - Level 0.4 Stealth
 * Level 2.7 Unarmed Combat
 - Level 2.1 Evocations


You had 2 spell levels left.
You didn't know any spells.

Dungeon Overview and Level Annotations

Branches:
Dungeon (2/15)

Altars:
Xom

Annotations:
D:2 Sigmund


Innate Abilities, Weirdness & Mutations

You are too large for most types of armour.
You have claws for hands.
Your metabolism is lightning-fast.
You like to eat raw meat.
You heal very quickly.
You can eat rotten meat.
You are covered in fur (AC +1).
You have very tough skin (AC +2).


Message History

You barely miss Sigmund.
Sigmund is lightly wounded.
Sigmund hits you with a scythe.
You closely miss Sigmund.
Sigmund is lightly wounded.
You claw Sigmund!
Sigmund begins to bleed from his wounds!
Sigmund is heavily wounded.
Sigmund gestures at you while chanting. The magic dart hits you!
You claw Sigmund!
Sigmund is severely wounded.
Sigmund hits you with a scythe!
* * * LOW HITPOINT WARNING * * *
You barely miss Sigmund.
Sigmund is severely wounded.
Sigmund gestures at you while chanting. The puff of flame hits you!
Your scroll labeled LAEP PEUTHIA catches fire!
You die...

#####
#################....#
........>.......@@..(+
####.############....#
# #.# ....# # ..#
....# # #### ....# #
##### # #


You could see Sigmund (bleeding).

Vanquished Creatures
  A gnoll (D:1)
  2 giant geckos (D:1)
  2 ball pythons (D:1)
  3 giant cockroaches (D:1)
  A goblin (D:1)
  3 hobgoblins
  6 jackals (D:1)
  9 kobolds
  4 bats
  4 giant newts
  4 rats (D:1)
39 creatures vanquished.

Notes
Turn   | Place    | Note
--------------------------------------------------------------
     0 | D:1      | MrRokkomies, the Troll Artificer, began the quest for the Orb.
     0 | D:1      | Reached XP level 1. HP: 18/18 MP: 1/1
    27 | D:1      | Reached skill level 1 in Fighting
    27 | D:1      | Reached XP level 2. HP: 25/27 MP: 1/1
   222 | D:1      | Reached XP level 3. HP: 27/35 MP: 3/3
   494 | D:1      | Found a shimmering altar of Xom.
   495 | D:1      | Found a shimmering altar of Xom.
   496 | D:1      | Found a shimmering altar of Xom.
   497 | D:1      | Found a shimmering altar of Xom.
   498 | D:1      | Found a shimmering altar of Xom.
   972 | D:2      | Noticed Sigmund
   983 | D:2      | Killed from afar by Sigmund

Action                   || total
-------------------------++-------
Melee: Unarmed           ||   132
Throw: Large rock        ||     3
       Tomahawk          ||     1
